 Dungeon Crawl Stone Soup version 0.22.0-60-ga52c2fc (webtiles) character file.

508 Anon1729 the Chopper (level 7, 0/62 HPs)
             Began as a Naga Gladiator on Sept 10, 2018.
             Was a Follower of Uskayaw.
             Slain by Eustachio
             ... wielding a +0 rapier
              (6 damage)
             ... on level 4 of the Dungeon.
             The game lasted 00:04:57 (3550 turns).

Anon1729 the Chopper (Naga Gladiator)               Turns: 3550, Time: 00:04:58

Health: 0/62       AC:  7    Str: 17      XL:     7   Next: 18%
Magic:  8/9        EV: 10    Int: 10      God:    Uskayaw [*.....]
Gold:   193        SH:  0    Dex:  8 (12) Spells: 6/6 levels left

rFire    . . .     SeeInvis +   a - +0 war axe
rCold    . . .     Gourm    .   (no shield)
rNeg     . . .     Faith    .   b - +0 leather armour
rPois    +         Spirit   .   i - +1 helmet
rElec    .         Reflect  .   (no cloak)
rCorr    .         Harm     .   s - +0 pair of gloves
MR       .....                  (no barding)
Stlth    +.........             (no amulet)
HPRegen  0.20/turn              (no ring)
MPRegen  0.11/turn              (no ring)

@: short of breath, very slow
A: large, see invisible, deformed body, poison resistance, slowness 2, slow
metabolism 1, spit poison 1, AC +2
a: Spit Poison, Stomp, Renounce Religion


You were on level 4 of the Dungeon.
You worshipped Uskayaw.
Uskayaw was noncommittal.
You were not hungry.

You visited 1 branch of the dungeon, and saw 4 of its levels.

You collected 193 gold pieces.

Inventory:

Hand Weapons
 a - a +0 war axe (weapon)
Missiles
 d - 3 throwing nets (quivered)
Armour
 b - a +0 leather armour (worn)
 i - a +1 helmet (worn)
 s - a +0 pair of gloves (worn)
Scrolls
 c - 3 scrolls of enchant weapon {unknown}
 g - a scroll of enchant armour {unknown}
 j - a scroll of teleportation {unknown}
 k - 2 scrolls of remove curse {unknown}
 l - 2 scrolls of identify {unknown}
 n - a scroll of blinking {unknown}
 o - 2 scrolls of magic mapping {unknown}
 u - a scroll of immolation {unknown}
Potions
 e - 2 potions of curing {unknown}
 h - a potion of agility {unknown}
 m - a potion of flight {unknown}
 p - a potion of berserk rage {unknown}
 q - a potion of haste {unknown}
 r - a potion of cancellation {unknown}
 t - a potion of invisibility {unknown}
Comestibles
 f - 13 rations


   Skills:
 + Level 3.5 Fighting
 * Level 5.3 Axes
 - Level 2.0 Throwing
 + Level 2.4 Armour
 - Level 3.1 Dodging
 * Level 2.8 Invocations


You had 6 spell levels left.
You didn't know any spells.
Your spell library was empty.

Dungeon Overview and Level Annotations

Branches:
Dungeon (4/15)
 Temple: D:4-7

Altars:
Hepliaklqana
Uskayaw

Shops:
D:4 (

Annotations:
D:4 Eustachio


Innate Abilities, Weirdness & Mutations

You cannot wear boots.
Your serpentine skin is tough. (AC +2)
You have supernaturally acute eyesight. (SInv)
Armour fits poorly on your strangely shaped body.
Your system is resistant to poisons. (rPois)
You cover ground very slowly.
You have a slow metabolism.
You can spit poison.


Message History

You hit the quokka.
You kill the quokka!
The quokka's corpse disappears in a puff of smoke!
Eustachio mumbles some strange words.
The river rat bites you.
* * * LOW HITPOINT WARNING * * *
Press: ? - help, Shift-Dir - straight line, p - Eustachio The splash of poison misses the river rat.
The splash of poison hits Eustachio.
Eustachio is almost dead.
You feel slightly more hungry.
The quokka disappears in a puff of smoke!
The river rat disappears in a puff of smoke!
The river rat bites you!
* * * LOW HITPOINT WARNING * * *
You can now stomp with the beat.
You aren't carrying any items that you can evoke.
Unknown command.
Eustachio hits you with a rapier.
You die...

#.## ### #... ..# #..# #.#
# ## #..# #.# #
...###..#######.##### #
#..................# #
##...#######.###.#### #
#.....######.##.....#
##..ยง.r@@rb..##.....#
##.###########.....# #.
#.....# #? #.....# ##+#
###.### ##...## #.#
##.....## ### #.# #
##.......## ##.###.# #
#.........####...##.#######


You could see Eustachio, 2 river rats and a bat.

Vanquished Creatures
  Sigmund (D:2)
  A phantom (D:4)
  A scorpion (D:4)
  2 hounds (D:4)
  An iguana (D:4)
  A worker ant (D:4)
  2 adders
  4 oozes
  3 dart slugs (D:3)
  A leopard gecko (D:3)
  An orc (D:3)
  9 bats
  3 giant cockroaches
  6 goblins
  5 hobgoblins
  4 jackals (D:3)
  3 quokkas
  3 ball pythons
  2 frilled lizards (D:1)
  A jackal skeleton (D:4)
  7 kobolds
  9 rats
70 creatures vanquished.

Notes
Turn   | Place    | Note
-------+----------+-------------------------------------------
     0 | D:1      | Anon1729 the Naga Gladiator began the quest for the Orb.
     0 | D:1      | Reached XP level 1. HP: 19/19 MP: 1/1
    75 | D:1      | Reached XP level 2. HP: 19/26 MP: 2/2
   638 | D:2      | Reached XP level 3. HP: 32/32 MP: 3/3
   669 | D:2      | Noticed Sigmund
   681 | D:2      | Killed Sigmund
   681 | D:2      | Reached skill level 4 in Axes
   681 | D:2      | Reached skill level 1 in Armour
   681 | D:2      | Reached XP level 4. HP: 37/42 MP: 4/4
   681 | D:2      | Reached XP level 5. HP: 43/49 MP: 5/5
   905 | D:2      | Found a hide-covered altar of Uskayaw.
   913 | D:2      | Became a worshipper of Uskayaw the Reveler
  1060 | D:2      | Reached * piety under Uskayaw
  1080 | D:2      | Found a hazy altar of Hepliaklqana.
  1293 | D:3      | Reached ** piety under Uskayaw
  1442 | D:3      | Reached XP level 6. HP: 45/56 MP: 6/6
  1467 | D:3      | Reached skill level 1 in Invocations
  2470 | D:4      | Reached skill level 5 in Axes
  2822 | D:4      | Found Fyshuock's Antique Weapon Boutique.
  3213 | D:4      | Noticed a phantom
  3234 | D:4      | Killed a phantom
  3234 | D:4      | Reached XP level 7. HP: 32/62 MP: 4/9
  3498 | D:4      | Noticed Eustachio
  3550 | D:4      | Slain by Eustachio

Skill      XL: |  1  2  3  4  5  6 |
---------------+-------------------+-----
Throwing       | 2 |  2.0
Fighting       | 3 |  3.5
Axes           | 4 5 |  5.3
Armour         | 1 2 |  2.4
Dodging        | 3 |  3.1
Invocations    | 2 |  2.8

Action                   |  1- 3 |  4- 6 |  7- 9 || total
-------------------------+-------+-------+-------++-------
Melee: War axe           |    57 |   149 |    46 ||   252
Invok: Stomp             |       |     5 |     3 ||     8
 Abil: Spit Poison       |     2 |     2 |     2 ||     6
 Stab: Sleeping          |     1 |       |       ||     1
  Eat: Chunk             |       |     6 |       ||     6
       Ration            |       |       |     1 ||     1
Armor: Leather armour    |    30 |    90 |    55 ||   175
Dodge: Dodged            |    30 |   118 |    78 ||   226
